SL
NORTHERN VIRGINIA RETRIEVERS @ ORLANDO CITY
09/27/2017
 
TOP OF THE 1ST
Northern Virginia Retrievers batting - Pitching for Orlando City : RHP César Vatgos
Pitching: RHP César Vatgos
Batting: LHB Ye Der 0-0: Foul Ball, location: 2F
0-1: Ball
1-1: Swinging Strike
1-2: Strikes out swinging
Batting: RHB Dan Yarbrough 0-0: Called Strike
0-1: Called Strike
0-2: Ball
1-2: Ball
2-2: Ball
3-2: Fly out, F6 (Popup, 6M)
Batting: RHB Manuel Romo 0-0: Foul Ball, location: 2F
0-1: Called Strike
0-2: Ground out 6-3 (Groundball, 6)
Top of the 1st over - 0 run(s), 0 hit(s), 0 error(s), 0 left on base; Northern Virginia 0 - Orlando 0
BOTTOM OF THE 1ST
Orlando City batting - Pitching for Northern Virginia Retrievers : RHP Drake Montgomery
Pitching: RHP Drake Montgomery
Batting: RHB Yoshio Matsuo 0-0: Called Strike
0-1: SINGLE (Groundball, 6MD)
Batting: RHB Kurt Chappell 0-0: Ball
1-0: Ball
2-0: Called Strike
2-1: Foul Ball, location: 2F
2-2: Foul Ball, location: 2F
2-2: Fly out, F9 (Flyball, 9M)
Batting: LHB Tony Reynolds 0-0: Called Strike
0-1: Ball
1-1: Ball
2-1: Foul Ball, location: 2F
2-2: SINGLE (Groundball, 5D)
Yoshio Matsuo to second
Batting: RHB Roberto Ramírez 0-0: Ball
1-0: Called Strike
Yoshio Matsuo steals 3rd base
1-1: Ball
2-1: Foul Ball, location: 2F
2-2: Foul Ball, location: 2F
2-2: Foul Ball, location: 2F
Balk!
Yoshio Matsuo scores
Tony Reynolds to second
2-2: Fly out, F7 (Line Drive, 7LM)
Batting: LHB Emílio Sáenz 0-0: Called Strike
0-1: Foul Ball, location: 2F
0-2: Ball
1-2: Ball
2-2: Fly out, F9 (Flyball, 89XD)
Bottom of the 1st over - 1 run(s), 2 hit(s), 0 error(s), 1 left on base; Northern Virginia 0 - Orlando 1
TOP OF THE 2ND
Northern Virginia Retrievers batting - Pitching for Orlando City : RHP César Vatgos
Batting: LHB Roger Shaffer 0-0: Fly out, F8 (Line Drive, 8LM)
Batting: RHB Don Brown 0-0: Foul Ball, location: 2F
0-1: Ball
1-1: Ball
2-1: Foul Ball, location: 2F
2-2: SINGLE (Line Drive, 8LS)
Batting: LHB Jesús Pérez 0-0: Ball
1-0: Swinging Strike
1-1: Called Strike
1-2: Strikes out swinging
Batting: RHB Harry Reynolds 0-0: Fielders Choice at 2nd, 5-4 (Groundball, 5)
Top of the 2nd over - 0 run(s), 1 hit(s), 0 error(s), 0 left on base; Northern Virginia 0 - Orlando 1
BOTTOM OF THE 2ND
Orlando City batting - Pitching for Northern Virginia Retrievers : RHP Drake Montgomery
Batting: RHB Guillermo Montoya 0-0: Called Strike
0-1: Called Strike
0-2: Ball
1-2: Ball
2-2: Strikes out looking
Batting: LHB Morgan Carney 0-0: Ball
1-0: Called Strike
1-1: Called Strike
1-2: Ground out 5-3 (Groundball, 56S)
Batting: RHB Cory Staton 0-0: Swinging Strike
0-1: Ground out 6-3 (Groundball, 6M)
Bottom of the 2nd over - 0 run(s), 0 hit(s), 0 error(s), 0 left on base; Northern Virginia 0 - Orlando 1
TOP OF THE 3RD
Northern Virginia Retrievers batting - Pitching for Orlando City : RHP César Vatgos
Batting: RHB Casey Washington 0-0: Ball
1-0: Called Strike
1-1: SINGLE (Groundball, 6MD)
Batting: SHB Drake Montgomery 0-0: Called Strike
0-1: Ball
1-1: Ball
2-1: Sac Bunt - play at first, batter OUT! 1-4
Casey Washington to second
Batting: LHB Ye Der 0-0: Called Strike
0-1: Swinging Strike
0-2: Ball
1-2: Ball
2-2: Ball
3-2: Foul Ball, location: 2F
3-2: Ground out 6-3 (Groundball, 6)
Batting: RHB Dan Yarbrough 0-0: SINGLE (Line Drive, 78S)
Casey Washington to third
Batting: RHB Manuel Romo 0-0: Ball
Pickoff Throw to First - Out!
Top of the 3rd over - 0 run(s), 2 hit(s), 0 error(s), 0 left on base; Northern Virginia 0 - Orlando 1
BOTTOM OF THE 3RD
Orlando City batting - Pitching for Northern Virginia Retrievers : RHP Drake Montgomery
Batting: RHB César Vatgos 0-0: Called Strike
0-1: Reached on error, E4 (Groundball, 4M)
Batting: RHB Yoshio Matsuo 0-0: Swinging Strike
0-1: Ball
1-1: Called Strike
1-2: Ball
2-2: Ball
3-2: Foul Ball, location: 2F
3-2: Base on Balls
Batting: RHB Kurt Chappell 0-0: Ball
1-0: Ball
2-0: Ball
3-0: Base on Balls
César Vatgos to third
Yoshio Matsuo to second
Batting: LHB Tony Reynolds 0-0: Called Strike
0-1: GRAND SLAM HOME RUN (Flyball, 7D), Distance : 381 ft
Batting: RHB Roberto Ramírez 0-0: Ball
1-0: Foul Ball, location: 2F
1-1: Ground out 3-1 (Groundball, 34)
Batting: LHB Emílio Sáenz 0-0: Fly out, F7 (Flyball, 7LD)
Batting: RHB Guillermo Montoya 0-0: Foul Ball, location: 2F
0-1: Ball
1-1: DOUBLE (Flyball, 9D)
Batting: LHB Morgan Carney 0-0: Foul Ball, location: 2F
0-1: Ball
1-1: Ball
2-1: Foul Ball, location: 2F
2-2: Strikes out looking
Bottom of the 3rd over - 4 run(s), 2 hit(s), 1 error(s), 1 left on base; Northern Virginia 0 - Orlando 5
TOP OF THE 4TH
Northern Virginia Retrievers batting - Pitching for Orlando City : RHP César Vatgos
Batting: RHB Manuel Romo 0-0: Fly out, F8 (Flyball, 8LXD)
Batting: LHB Roger Shaffer 0-0: Called Strike
0-1: Called Strike
0-2: Ball
1-2: Strikes out swinging
Batting: RHB Don Brown 0-0: Called Strike
0-1: Called Strike
0-2: Strikes out looking
Top of the 4th over - 0 run(s), 0 hit(s), 0 error(s), 0 left on base; Northern Virginia 0 - Orlando 5
BOTTOM OF THE 4TH
Orlando City batting - Pitching for Northern Virginia Retrievers : RHP Drake Montgomery
Batting: RHB Cory Staton 0-0: SINGLE (Line Drive, 7S)
Batting: RHB César Vatgos 0-0: Bunted foul
0-1: Sac Bunt - play at second, runner OUT -> throw to first, DP!
Batting: RHB Yoshio Matsuo 0-0: Called Strike
0-1: SINGLE (Groundball, 15) (infield hit)
Batting: RHB Kurt Chappell 0-0: Called Strike
Yoshio Matsuo steals 2nd base
0-1: Foul Ball, location: 2F
0-2: Ball
1-2: Ball
2-2: Foul Ball, location: 2F
2-2: Strikes out looking
Bottom of the 4th over - 0 run(s), 2 hit(s), 0 error(s), 1 left on base; Northern Virginia 0 - Orlando 5
TOP OF THE 5TH
Northern Virginia Retrievers batting - Pitching for Orlando City : RHP César Vatgos
Batting: LHB Jesús Pérez 0-0: Called Strike
0-1: Ball
1-1: Ball
2-1: Swinging Strike
2-2: Strikes out swinging
Batting: RHB Harry Reynolds 0-0: SINGLE (Line Drive, 4M)
Batting: RHB Casey Washington 0-0: Swinging Strike
0-1: Fly out, F7 (Flyball, 78S)
Pinch Hitting: LHB Vincent Peterson 0-0: Ground out 4-3 (Groundball, 4)
Top of the 5th over - 0 run(s), 1 hit(s), 0 error(s), 1 left on base; Northern Virginia 0 - Orlando 5
BOTTOM OF THE 5TH
Orlando City batting - Pitching for Northern Virginia Retrievers : RHP Drake Montgomery
Pitching: RHP Wynn Burton
Batting: LHB Tony Reynolds 0-0: Reached on Error, E7 (Flyball, 78M)
Batting: RHB Roberto Ramírez 0-0: Ball
1-0: Called Strike
1-1: Grounds into double play, 5-4-3 (Groundball, 5D)
Batting: LHB Emílio Sáenz 0-0: Called Strike
0-1: SINGLE (Line Drive, 89M)
Batting: RHB Guillermo Montoya 0-0: Foul Ball, location: 2F
0-1: Called Strike
Emílio Sáenz steals 2nd base
0-2: Ball
1-2: DOUBLE (Flyball, 78M)
Emílio Sáenz scores
Batting: LHB Morgan Carney 0-0: Foul Ball, location: 2F
0-1: Ball
1-1: Called Strike
1-2: Strikes out swinging
Bottom of the 5th over - 1 run(s), 2 hit(s), 1 error(s), 1 left on base; Northern Virginia 0 - Orlando 6
TOP OF THE 6TH
Northern Virginia Retrievers batting - Pitching for Orlando City : RHP César Vatgos
Batting: LHB Ye Der 0-0: SINGLE (Line Drive, 9S)
Batting: RHB Dan Yarbrough 0-0: Grounds into double play, 5-4-3 (Groundball, 5)
Batting: RHB Manuel Romo 0-0: Ball
1-0: Ball
2-0: Ground out 5-3 (Groundball, 56S)
Top of the 6th over - 0 run(s), 1 hit(s), 0 error(s), 0 left on base; Northern Virginia 0 - Orlando 6
BOTTOM OF THE 6TH
Orlando City batting - Pitching for Northern Virginia Retrievers : RHP Wynn Burton
Batting: RHB Cory Staton 0-0: Ball
1-0: Ball
2-0: SINGLE (Line Drive, 6M)
Batting: RHB César Vatgos 0-0: Sac Bunt - play at first, batter OUT! 1-4
Cory Staton to second
Batting: RHB Yoshio Matsuo 0-0: Foul Ball, location: 2F
0-1: Ball
1-1: Foul Ball, location: 2F
1-2: Strikes out swinging
Batting: RHB Kurt Chappell 0-0: Ball
1-0: Ball
2-0: Ball
3-0: Base on Balls
Batting: LHB Tony Reynolds 0-0: Ball
1-0: Ground out 1-3 (Groundball, 13)
Bottom of the 6th over - 0 run(s), 1 hit(s), 0 error(s), 2 left on base; Northern Virginia 0 - Orlando 6
TOP OF THE 7TH
Northern Virginia Retrievers batting - Pitching for Orlando City : RHP César Vatgos
Now at C: Stan Lewis
Batting: LHB Roger Shaffer 0-0: Ball
1-0: Ball
2-0: Called Strike
2-1: Foul Ball, location: 2F
2-2: Foul Ball, location: 2F
2-2: Ball
3-2: Ground out 1-3 (Groundball, 13)
Batting: RHB Don Brown 0-0: Ball
1-0: SINGLE (Line Drive, 78S)
Batting: LHB Jesús Pérez 0-0: Called Strike
0-1: Called Strike
0-2: Ball
1-2: Ground out 3-1 (Groundball, 34S)
Don Brown to second
Batting: RHB Harry Reynolds 0-0: DOUBLE (Flyball, 89M)
Don Brown scores
Batting: RHB Casey Washington 0-0: Ball
1-0: Ground out 4-3 (Groundball, 4MS)
Top of the 7th over - 1 run(s), 2 hit(s), 0 error(s), 1 left on base; Northern Virginia 1 - Orlando 6
BOTTOM OF THE 7TH
Orlando City batting - Pitching for Northern Virginia Retrievers : RHP Wynn Burton
Pitching: RHP Jud White
Batting: LHB Stan Lewis 0-0: Foul Ball, location: 2F
0-1: Called Strike
0-2: Ball
1-2: Strikes out swinging
Batting: LHB Emílio Sáenz 0-0: Called Strike
0-1: Ball
1-1: Ball
2-1: Called Strike
2-2: Foul Ball, location: 2F
2-2: Ground out 5-3 (Groundball, 56S)
Batting: RHB Guillermo Montoya 0-0: Ground out 1-3 (Groundball, 15)
Bottom of the 7th over - 0 run(s), 0 hit(s), 0 error(s), 0 left on base; Northern Virginia 1 - Orlando 6
TOP OF THE 8TH
Northern Virginia Retrievers batting - Pitching for Orlando City : RHP César Vatgos
Pinch Hitting: RHB Christian O'Dell 0-0: Called Strike
0-1: Swinging Strike
0-2: Foul Ball, location: 2F
0-2: SINGLE (Groundball, 6M)
Batting: LHB Ye Der 0-0: Foul Ball, location: 2F
0-1: Swinging Strike
0-2: Ball
1-2: Foul Ball, location: 2F
1-2: Ball
2-2: Ground out 5-3 (Groundball, 5S)
Christian O'Dell to second
Batting: RHB Dan Yarbrough 0-0: Called Strike
0-1: SINGLE (Popup, 6MD)
Christian O'Dell to third
Batting: RHB Manuel Romo 0-0: Ground out 2-3 (Groundball, 25)
Dan Yarbrough to second
Batting: LHB Roger Shaffer 0-0: Called Strike
0-1: Ground out 6-3 (Groundball, 6)
Top of the 8th over - 0 run(s), 2 hit(s), 0 error(s), 2 left on base; Northern Virginia 1 - Orlando 6
BOTTOM OF THE 8TH
Orlando City batting - Pitching for Northern Virginia Retrievers : RHP Jud White
Pitching: RHP Joseph Reed
Batting: LHB Morgan Carney 0-0: Called Strike
0-1: Ball
1-1: Ball
2-1: Foul Ball, location: 2F
2-2: Foul Ball, location: 2F
2-2: Fly out, F9 (Flyball, 9S)
Batting: RHB Cory Staton 0-0: Called Strike
0-1: Ball
1-1: Ball
2-1: Fly out, F9 (Flyball, 9M)
Pinch Hitting: RHB Alfonso Soto 0-0: Called Strike
0-1: Ball
1-1: Foul Ball, location: 2F
1-2: Foul Ball, location: 2F
1-2: Foul Ball, location: 2F
1-2: SINGLE (Line Drive, 6D)
Batting: RHB Yoshio Matsuo 0-0: Foul Ball, location: 2F
0-1: Foul Ball, location: 2F
0-2: Fly out, F9 (Flyball, 9LS)
Bottom of the 8th over - 0 run(s), 1 hit(s), 0 error(s), 1 left on base; Northern Virginia 1 - Orlando 6
TOP OF THE 9TH
Northern Virginia Retrievers batting - Pitching for Orlando City : RHP César Vatgos
Pitching: LHP Kevin Henderson
Batting: RHB Don Brown 0-0: Ball
1-0: Swinging Strike
1-1: Called Strike
1-2: Ball
2-2: Strikes out swinging
Batting: LHB Jesús Pérez 0-0: SOLO HOME RUN (Flyball, 9D), Distance : 374 ft
Batting: RHB Harry Reynolds 0-0: Ball
1-0: Called Strike
1-1: Swinging Strike
1-2: Ball
2-2: Foul Ball, location: 2F
2-2: Foul Ball, location: 2F
2-2: Strikes out swinging
Batting: RHB Casey Washington 0-0: Called Strike
0-1: Swinging Strike
0-2: Strikes out swinging
Top of the 9th over - 1 run(s), 1 hit(s), 0 error(s), 0 left on base; Northern Virginia 2 - Orlando 6
This league is powered by Out of the Park Baseball, the baseball management simulation game for PC, Mac and Linux
Saturday, February 27th, 2021 - OOTP Baseball 15.6 Build 34